 Dungeon Crawl Stone Soup version 0.29-a0-2-g12fcac58f8 (webtiles) character file.

Game seed: 774406313861575547

1830 Shayle the Covert (level 8, -4/73 HPs)
             Began as a Vampire Warper on Jan 27, 2022.
             Was a Follower of Wu Jian.
             Slain by Grum (5 damage)
             ... on level 8 of the Dungeon.
             The game lasted 00:24:24 (6313 turns).

Shayle the Covert (Vampire Warper)                  Turns: 6313, Time: 00:24:24

Health: -4/73      AC:  5    Str: 10    XL:     8   Next: 86%
Magic:  11/11      EV: 14    Int: 16    God:    Wu Jian [*.....]
Gold:   493        SH:  0    Dex: 15    Spells: 9/11 levels left

rFire   . . .      SeeInvis +   g - +2 dagger (elec)
rCold   + . .      Faith    .   (no shield)
rNeg    . . .      Spirit   .   a - +0 leather armour
rPois   +          Reflect  .   f - +1 helmet
rElec   .          Harm     .   (no cloak)
rCorr   .          Rampage  .   (no gloves)
Will    .....                   (no boots)
Stlth   ++++......              (no amulet)
HPRegen 0.42/turn               (no ring)
MPRegen 0.12/turn               (no ring)

@: about to teleport, healing quickly
A: alive, fangs 3, see invisible, vampiric 2, cold resistance 1, poison
resistance, robust 1
a: Exsanguinate, Renounce Religion


You were on level 8 of the Dungeon.
You worshipped Wu Jian.
Wu Jian was aware of your devotion.
You visited 2 branches of the dungeon, and saw 9 of its levels.
You also visited: Sewer.

You collected 493 gold pieces.

Inventory:

Hand Weapons
 e - a +4 short sword
 g - a +2 dagger of electrocution (weapon)
 o - a +1 scythe of pain
Missiles
 n - 5 datura-tipped darts (quivered)
Armour
 a - a +0 leather armour (worn)
 f - a +1 helmet (worn)
Jewellery
 b - a ring of ice
 i - a ring of flight
 m - a ring of fire
Scrolls
 d - a scroll of summoning
 p - a scroll of amnesia
 q - 4 scrolls of identify


   Skills:
 + Level 7.5 Fighting
 - Level 0.9 Throwing
 - Level 1.0 Armour
 + Level 6.7 Dodging
 - Level 8.5 Stealth
 - Level 2.3 Unarmed Combat
 - Level 2.0 Spellcasting
 - Level 2.5 Translocations


You had 9 spell levels left.
You knew the following spells:

 Your Spells              Type           Power      Damage    Failure   Level
a - Blink                 Tloc           18%        N/A       16%         2

Your spell library contained the following spells:

 Spells                   Type           Power      Damage    Failure   Level
 Gell's Gravitas          Tloc           9%         N/A       30%         3
 Lesser Beckoning         Tloc           9%         N/A       30%         3
 Teleport Other           Tloc           9%         N/A       30%         3
 Manifold Assault         Tloc           9%         N/A       95%         5


Dungeon Overview and Level Annotations

Branches:
Dungeon (8/15)             Temple (1/1) D:5           Sewer (visited)
   Lair: D:8-11

Altars:
Ashenzari
Cheibriados
Dithmenos
Elyvilon
Fedhas
Gozag
Hepliaklqana
Kikubaaqudgha
Makhleb
Nemelex Xobeh
Okawaru
Qazlal
Sif Muna
Trog
Uskayaw
Vehumet
Wu Jian
Xom
Yredelemnul
Zin
The Shining One

Shops:
D:3 (   D:4 [[

Portals:
Bailey: D:8

Annotations:
D:7 Maggie
D:8 Grum


Innate Abilities, Weirdness & Mutations

Your natural rate of healing is accelerated.
You have razor-sharp teeth.
You have supernaturally acute eyesight. (SInv)
You are afflicted with vampirism and can become a bat while bloodless.
Your flesh is cold resistant. (rC+)
Your system is resistant to poisons. (rPois)
You are robust. (+10% HP)


Message History

An orc wizard comes into view. It is wielding a +0 dagger.
The goblin barely misses you.
The goblin shouts!
The orc wizard shouts!
The orc shouts!
You hit Grum but do no damage. Lightning courses through Grum!
Grum is moderately wounded.
You hear a shout!
Grum misses you. The goblin hits you but does no damage.
Grum hits you from afar with a +1 spear!
You see here a wolf corpse.
Grum barely misses you.
You lunge at Grum.
You hit Grum.
Grum is heavily wounded.
Grum hits you with a +1 spear! The goblin barely misses you.
The goblin hits you from afar with a +0 spear.
Unknown command.
Grum shouts, "Sparky!
Good boy!"
Grum barely misses you. Grum barely misses you.
You lunge at Grum.
You hit Grum.
Grum is heavily wounded.
The goblin hits you but does no damage. Grum barely misses you.
Unknown command.
Grum hits you from afar with a +1 spear!
You lunge at Grum.
You hit Grum.
Grum is heavily wounded.
The goblin hits you but does no damage. Grum completely misses you.
Unknown command.
Grum barely misses you.
You lunge at Grum.
You barely miss Grum. Your bite misses Grum.
Grum is heavily wounded.
The goblin hits you from afar with a +0 spear.
Grum hits you with a +1 spear!
* * * LOW HITPOINT WARNING * * *
Unknown command.
Grum hits you from afar with a +1 spear!
* * * LOW HITPOINT WARNING * * *
As you read the scroll of teleportation, it crumbles to dust.
You feel strangely unstable.
Grum hits you from afar with a +1 spear.
You die...

#.#####.######.#
#. #.# #.# #.
#.# #.# #. #.#
#.# #. #.# #.#
#. #.# ..# #.
#.# ###
#.#####.#
#.@.ggg.#
.#######go#
......g.o.#
...o≈≈g≈≈.....#
....≈.gg≈.#.#.#
..o.≈>∩.g.#.#
#.#.≈...≈.. .
....≈≈≈≈≈.#.#.
..........#.###


You could see Grum, an orc and 3 goblins.

Vanquished Creatures
  Sigmund (D:4)
  A water moccasin (D:6)
  2 sky beasts
  Pargi (Sewer)
  2 black bears
  2 wolves (D:8)
  A phantom (D:4)
  A centaur (D:6)
  A bullfrog (D:6)
  2 scorpions
  A water moccasin skeleton (D:4)
  A centaur zombie (D:7)
  3 hounds
  2 jellies
  3 orc priests
  An iguana (D:6)
  2 orc wizards
  A hound skeleton (D:4)
  Robin (D:2)
  A gnoll (D:8)
  7 adders
  2 river rats (D:4)
  An ufetubus (D:6)
  2 worms
  An adder skeleton (D:4)
  9 orcs
  8 ball pythons
  6 endoplasms
  3 giant cockroaches
  14 goblins
  13 hobgoblins
  4 jackals (Sewer)
  9 kobolds
  5 quokkas
  3 bats
  A frilled lizard (D:2)
  8 rats
126 creatures vanquished.

Vanquished Creatures (collateral kills)
  An adder (D:5)
1 creature vanquished.

Vanquished Creatures (others)
  6 fungi (D:4)
  15 plants (D:3)
  6 toadstools (D:4)
  3 withered plants (D:1)
30 creatures vanquished.

Grand Total: 157 creatures vanquished

Notes
Turn   | Place    | Note
-------+----------+-------------------------------------------
     0 | D:1      | Shayle the Vampire Warper began the quest for the Orb.
     0 | D:1      | Reached XP level 1. HP: 16/16 MP: 3/3
   128 | D:1      | Found a faded altar of an unknown god.
   396 | D:2      | Reached XP level 2. HP: 13/22 MP: 5/5
   436 | D:2      | Reached skill level 1 in Armour
   587 | D:1      | Reached skill level 1 in Stealth
   960 | D:1      | Learned a level 2 spell: Blink
  1016 | D:2      | Noticed Robin
  1140 | D:1      | Reached skill level 2 in Stealth
  1140 | D:1      | Gained mutation: You are afflicted with vampirism and can
                  | become a bat while bloodless. [Vampire growth]
  1140 | D:1      | Reached XP level 3. HP: 23/27 MP: 6/6
  1447 | D:1      | Found a broken altar of Ashenzari.
  1979 | D:2      | Killed Robin
  1980 | D:2      | Reached skill level 3 in Stealth
  2199 | D:2      | Reached XP level 4. HP: 25/34 MP: 7/7
  2344 | D:3      | Found Fusoso Daotz's Weapon Shoppe.
  2560 | D:3      | Reached skill level 4 in Stealth
  2765 | D:4      | Noticed Sigmund
  2776 | D:4      | Killed Sigmund
  2777 | D:4      | Reached skill level 5 in Stealth
  2777 | D:4      | Reached XP level 5. HP: 18/42 MP: 8/8
  2921 | D:4      | Reached skill level 6 in Stealth
  2921 | D:4      | Reached XP level 6. HP: 22/48 MP: 9/9
  3031 | D:4      | Gained mutation: Your system is resistant to poisons.
                  | (rPois) [potion of mutation]
  3031 | D:4      | Gained mutation: Your flesh is cold resistant. (rC+)
                  | [potion of mutation]
  3031 | D:4      | Gained mutation: You are robust. (+10% HP) [potion of
                  | mutation]
  3309 | D:4      | Found a glowing drain.
  3314 | Sewer    | Entered a sewer
  3381 | Sewer    | Noticed Pargi
  3416 | Sewer    | Killed Pargi
  3417 | Sewer    | Reached skill level 7 in Stealth
  3875 | D:3      | Reached XP level 7. HP: 60/60 MP: 10/10
  3902 | D:3      | Reached skill level 5 in Fighting
  4077 | D:4      | Found Henuet's Armour Emporium.
  4130 | D:4      | Found Giwkil's Armour Emporium.
  4321 | D:4      | Reached skill level 8 in Stealth
  4466 | D:5      | Entered Level 5 of the Dungeon
  4468 | D:5      | Found a staircase to the Ecumenical Temple.
  4588 | Temple   | Entered the Ecumenical Temple
  4626 | Temple   | Became a worshipper of the Wu Jian Council
  5155 | D:5      | Noticed a two-headed ogre
  5212 | D:4      | Reached XP level 8. HP: 61/70 MP: 11/11
  5442 | D:6      | Reached skill level 5 in Dodging
  5905 | D:7      | Noticed Maggie
  6126 | D:8      | Reached * piety under Wu Jian
  6156 | D:8      | Found a flagged portal.
  6295 | D:8      | Noticed Grum
  6312 | D:8      | HP: 1/73 [Grum (16)]
  6313 | D:8      | Slain by Grum

Illustrated notes

Levels and vault maps discovered:
D:1:      dpeg_arrival_water_altar, layout_basic,
          ebering_ecumenical_altar_petrified
D:2:      layout_basic, minivault_23, uniq_robin
D:3:      layout_basic, serial_shops, nicolae_shop_stone, corexii_shack,
          serial_bayou_lagoon_a, kennysheep_small_spiral
D:4:      layout_loops_ring, portal_sewer_entry_e, serial_shops,
          kennysheep_mini, shop_statue, minmay_gold_behind_fungi,
          kennysheep_path_1, uniq_sigmund
D:5:      layout_rooms, minmay_temple_entry_sparse_star, guppyfry_early_orc_mine
D:6:      minmay_inner_zag, layout_loops_ring, chequers_jeans
D:7:      layout_rooms, nicolae_ru_sacrificial_ziggurat, grunt_ministairs_13,
          uniq_maggie, uniq_joseph
D:8:      layout_basic, enter_bailey_5, kennysheep_generic_room_16,
          uniq_maurice, uniq_pikel, uniq_grum
Temple:   nicolae_temple_the_god_donut

Skill      XL: |  1  2  3  4  5  6  7  8 |
---------------+-------------------------+-----
Armour         | 1 |  1.0
Fighting       | 2 4 6 7 |  7.5
Stealth        | 2 3 5 6 7 8 |  8.5
Dodging        | 4 6 |  6.7
Throwing       | |  0.9
Unarmed Combat | |  2.3
Spellcasting   | |  2.0
Translocations | |  2.5

Action                   |  1- 3 |  4- 6 |  7- 9 || total
-------------------------+-------+-------+-------++-------
Melee: Unarmed           |   145 |       |       ||   145
       Bite              |    13 |    12 |    26 ||    51
       Punch             |     3 |     1 |     5 ||     9
       Short sword       |    30 |   138 |   147 ||   315
       Dagger            |       |       |    35 ||    35
Throw: Boomerang         |     4 |       |     1 ||     5
Invok: Lunge             |       |       |    13 ||    13
       Whirlwind         |       |       |     1 ||     1
  Use: Scroll            |     5 |     3 |     7 ||    15
       Potion            |     1 |     4 |     6 ||    11
 Stab: Sleeping          |     4 |     9 |    13 ||    26
Armor: Leather armour    |    57 |    43 |    41 ||   141
       Skin              |       |       |    33 ||    33
Dodge: Dodged            |   104 |    78 |   140 ||   322

Table legend: (Time is in decaauts)
 A = Elapsed time spent in this place.
 B = Non-inter-level travel time spent in this place.
 C = Inter-level travel time spent in this place.
 D = Time resting spent in this place.
 E = Time spent auto-exploring this place.
 F = Levels seen in this place.
 G = Mean time per level.
                   A        B        C        D        E       F      G
               +--------+--------+--------+--------+--------+-----+--------+
         Total |   6355 |   6020 |    335 |   1013 |   2657 |  10 |  635.5 |
       Dungeon |   5863 |   5544 |    319 |   1013 |   2327 |   8 |  732.9 |
        Temple |    271 |    255 |     16 |      0 |    232 |   1 |  271.0 |
         Sewer |    219 |    219 |      0 |      0 |     98 |   1 |  219.0 |
               +--------+--------+--------+--------+--------+-----+--------+

Top non-repeatable levels by time:
     D:1: 1492 daAuts
     D:4: 1112 daAuts
     D:2: 916 daAuts
     D:3: 874 daAuts
     D:6: 472 daAuts
     D:5: 464 daAuts
     D:7: 307 daAuts
  Temple: 271 daAuts
     D:8: 223 daAuts
   Sewer: 219 daAuts
